 Dungeon Crawl Stone Soup version 0.19.5 (webtiles) character file.

5665 geeseburger the Carver (level 11, -6/86 HPs)
             Began as a Human Fighter on May 12, 2017.
             Was an Elder of Dithmenos.
             Mangled by a slime creature (9 damage)
             ... on level 9 of the Dungeon on May 13, 2017.
             The game lasted 01:07:31 (9600 turns).

geeseburger the Carver (Human Fighter)              Turns: 9600, Time: 01:07:31

Health: -6/86      AC: 14    Str: 22    XL:     11   Next: 4%
Magic:  11/11      EV:  9    Int:  8    God:    Dithmenos [****..]
Gold:   216        SH: 11    Dex: 14    Spells: 1 memorised, 9 levels left

rFire  + . .     SeeInvis .     t - +2 long sword (protect)
rCold  + . .     Gourm    .     r - +0 troll leather armour
rNeg   . . .     Faith    .     c - +0 shield
rPois  .         Spirit   .     q - +0 helmet
rElec  .         Reflect  .     (no cloak)
rCorr  .         Harm     .     l - +0 pair of gloves
MR     .....     Clarity  +     (no boots)
Stlth  ++........               A - amulet of Xeth {RegenMP rF+ rC+}
                                y - +2 ring of strength
                                e - +3 ring of strength

@: protection aura, wreathed by umbra
A: talons 1, clarity, weak 1
a: Shadow Step, Renounce Religion


You were on level 9 of the Dungeon.
You worshipped Dithmenos.
Dithmenos was greatly pleased with you.
You were full.

You visited 2 branches of the dungeon, and saw 10 of its levels.

You collected 326 gold pieces.
You spent 110 gold pieces at shops.

Inventory:

Hand Weapons
 a - a +0 long sword
 i - a +1 dagger of electrocution
 t - a +2 long sword of protection (weapon)
 u - a +1 hand axe of chopping
 v - a +2 short sword of speed
 x - a +1 vampiric dagger
Armour
 c - a +0 shield (worn)
 l - a +0 pair of gloves (worn)
 q - a +0 helmet (worn)
 r - a +0 troll leather armour (worn)
 K - a +0 chain mail
Jewellery
 e - a +3 ring of strength (left hand)
 y - a +2 ring of strength (right hand)
 A - the amulet of Xeth (around neck) {RegenMP rF+ rC+}
   (You found it on level 9 of the Dungeon)

   [amulet of magic regeneration]

   It increases your magic regeneration.
   It protects you from fire.
   It protects you from cold.
 E - an uncursed ring of magical power
 J - an uncursed ring of wizardry {unknown}
Wands
 b - a wand of heal wounds (0/9)
 f - a wand of slowing (11/48)
 g - a wand of random effects (23/48)
 w - a wand of teleportation (0/9)
 D - a wand of iceblast (0/15)
 I - a wand of lightning (5/15)
Scrolls
 d - 2 scrolls of magic mapping {unknown}
 p - a scroll of acquirement {unknown}
 s - a scroll of blinking {unknown}
 z - a scroll of remove curse
 G - 2 scrolls of fear
 M - 2 scrolls of summoning {unknown}
Potions
 h - 3 potions of degeneration
 j - a potion of mutation
 k - a potion of lignification {unknown}
 n - a potion of flight {unknown}
 o - a potion of agility {unknown}
 F - a potion of beneficial mutation {unknown}
Books
 B - a book of Cantrips

   Spells                             Type                      Level
   a - Confusing Touch                Hexes                        1
   b - Animate Skeleton               Necromancy                   1
   c - Summon Small Mammal            Summoning                    1
   d - Apportation                    Translocation                1


   Skills:
 * Level 7.8 Fighting
 - Level 6.2(8.8) Short Blades
 * Level 9.5(10.3) Long Blades
 + Level 6.1 Armour
 - Level 0.4 Dodging
 + Level 0.2 Stealth
 + Level 7.0 Shields


You had 9 spell levels left.
You knew the following spells:

 Your Spells              Type           Power        Failure   Level  Hunger
a - Animate Skeleton      Necr           N/A          96%         1    ##.....


Dungeon Overview and Level Annotations

Branches:
Dungeon (9/15)             Temple (1/1) D:4
   Lair: D:8-11         Orc: D:9-12

Altars:
Cheibriados
Dithmenos
Elyvilon
Fedhas
Gozag
Hepliaklqana
Kikubaaqudgha
Nemelex Xobeh
Okawaru
Qazlal
Ru
Sif Muna
Uskayaw
Vehumet
Xom
Yredelemnul
Zin
The Shining One

Shops:
D:6 [%   D:7 [


Innate Abilities, Weirdness & Mutations

You have sharp toenails.
You possess an exceptional clarity of mind.
You are weak. (Str -2)


Message History

A large slime creature splits.
You barely miss the slime creature.
The slime creature is heavily wounded.
You block the slime creature's attack.
The slime creature hits you but does no damage.
You slash the slime creature!
You claw the slime creature, but do no damage.
The slime creature is severely wounded.
The slime creature hits you!
* * * LOW HITPOINT WARNING * * *
The slime creature closely misses you.
You slash the slime creature!
You claw the slime creature, but do no damage.
The slime creature is almost dead.
You block the slime creature's attack.
The slime creature hits you but does no damage.
You hit the slime creature but do no damage.
The slime creature is severely wounded.
You block the slime creature's attack. The slime creature hits you!
You die...

#........# #........#
#........#
############...#### #####
#..........#...###.
.....#####..........#.......
....................'.......
..........J.........#.......
..........J@........#...####
..........###########...###.
#####.....# .............
###+### .............
............. ...).........
###.########. #. ## .


You could see 2 slime creatures.

Vanquished Creatures
  Joseph (D:7)
  A gargoyle (D:9)
  A troll (D:6)
  2 slime creatures (D:9)
  A hippogriff (D:6)
  A wyvern (D:8)
  A hungry ghost (D:6)
  A wraith (D:7)
  Edmund (D:7)
  A water moccasin (D:8)
  An orc warrior (D:8)
  3 ice beasts
  2 black bears
  An eye of draining (D:8)
  2 necrophages (D:7)
  6 ogres
  3 centaurs
  4 big kobolds
  4 bullfrogs
  An elf zombie (D:7)
  An elf skeleton (D:7)
  A jelly (D:8)
  5 killer bees (D:8)
  A wight (D:7)
  2 crimson imps
  A bullfrog zombie (D:8)
  A centaur zombie (D:3)
  2 orc priests (D:8)
  4 human zombies (D:7)
  A quasit (D:9)
  3 hounds
  A human skeleton (D:7)
  4 iguanas
  Natasha (D:2)
  8 orc wizards
  3 worker ants
  A hound zombie (D:7)
  Robin (D:3)
  6 adders
  A shadow imp (D:6)
  An ooze (D:5)
  2 worms
  3 dart slugs
  2 leopard geckos
  20 orcs
  6 bats
  8 giant cockroaches
  11 hobgoblins
  16 jackals
  17 kobolds
  3 quokkas
  6 frilled lizards
  22 goblins
  2 orc zombies (D:7)
  21 rats
  A withered plant (D:8)
227 creatures vanquished.

Notes
Turn   | Place    | Note
-------+----------+-------------------------------------------
     0 | D:1      | geeseburger the Human Fighter began the quest for the Orb.
     0 | D:1      | Reached XP level 1. HP: 18/18 MP: 1/1
   171 | D:1      | Reached XP level 2. HP: 24/24 MP: 2/2
   516 | D:1      | Reached XP level 3. HP: 28/29 MP: 3/3
   899 | D:2      | Noticed Natasha
   911 | D:2      | Killed Natasha
   911 | D:2      | Reached XP level 4. HP: 10/35 MP: 4/4
  1572 | D:2      | Reached skill level 3 in Long Blades
  1847 | D:3      | Reached XP level 5. HP: 41/41 MP: 5/5
  1904 | D:3      | Found a shadowy altar of Dithmenos.
  1922 | D:3      | Became a worshipper of Dithmenos the Shadowed
  1960 | D:3      | Found a stormy altar of Qazlal.
  2092 | D:3      | Noticed Robin
  2110 | D:3      | Killed Robin
  2455 | D:3      | Reached * piety under Dithmenos
  2728 | D:4      | Reached XP level 6. HP: 39/48 MP: 6/6
  3170 | D:4      | Noticed an ogre
  3186 | D:4      | Killed an ogre
  3186 | D:4      | Reached skill level 4 in Long Blades
  3481 | D:4      | Reached XP level 7. HP: 54/54 MP: 7/7
  3651 | D:4      | Reached skill level 1 in Short Blades
  3865 | D:4      | Found an opulent altar of Gozag.
  3870 | D:4      | Found a deep blue altar of Sif Muna.
  4015 | D:4      | Found a staircase to the Ecumenical Temple.
  4186 | Temple   | Entered the Ecumenical Temple
  4308 | D:5      | Entered Level 5 of the Dungeon
  4447 | D:5      | Noticed Edmund
  4456 | D:6      | Noticed a troll
  4531 | D:7      | Gained mutation: You have sharp toenails. [potion of mutation]
  4531 | D:7      | Gained mutation: You are weak. (Str -2) [potion of mutation]
  4531 | D:7      | Gained mutation: You possess an exceptional clarity of mind. [potion of mutation]
  4534 | D:7      | Killed Edmund
  4545 | D:7      | Found an iron altar of Okawaru.
  4879 | D:7      | Reached XP level 8. HP: 58/61 MP: 8/8
  4964 | D:7      | Found a shimmering altar of Xom.
  4987 | D:7      | Noticed Joseph
  5044 | D:7      | Killed Joseph
  5044 | D:7      | Reached skill level 5 in Fighting
  5044 | D:7      | Reached skill level 5 in Short Blades
  5044 | D:7      | Reached skill level 5 in Armour
  5471 | D:7      | Reached skill level 5 in Shields
  5811 | D:7      | Noticed a wraith
  5849 | D:7      | Killed a wraith
  5849 | D:7      | Reached XP level 9. HP: 16/69 MP: 9/9
  5900 | D:7      | Reached ** piety under Dithmenos
  6068 | D:7      | Found an ancient bone altar of Kikubaaqudgha.
  6282 | D:7      | Found Uqydghes's Armour Emporium.
  6537 | D:6      | Found Jophuq's Food Emporium.
  6543 | D:6      | Bought a bread ration for 55 gold pieces
  6543 | D:6      | Bought a bread ration for 55 gold pieces
  6639 | D:6      | Reached skill level 5 in Long Blades
  7068 | D:6      | Found Eroemeeq's Armour Shop.
  7110 | D:6      | Noticed a hippogriff
  7125 | D:6      | Killed a hippogriff
  7228 | D:6      | Reached skill level 6 in Long Blades
  7383 | D:6      | Killed a troll
  7677 | D:6      | Reached XP level 10. HP: 75/75 MP: 10/10
  7865 | D:8      | Learned a level 1 spell: Animate Skeleton
  7886 | D:8      | Reached skill level 7 in Long Blades
  8051 | D:8      | Found a basalt altar of Yredelemnul.
  8373 | D:8      | Reached *** piety under Dithmenos
  8373 | D:8      | Reached skill level 8 in Long Blades
  9061 | D:8      | Found a snail-covered altar of Cheibriados.
  9186 | D:9      | Reached skill level 9 in Long Blades
  9194 | D:9      | Noticed a gargoyle
  9220 | D:9      | Killed a gargoyle
  9236 | D:9      | Reached **** piety under Dithmenos
  9412 | D:9      | Got a scintillating ivory amulet
  9414 | D:9      | Identified the amulet of Xeth {RegenMP rF+ rC+} (You found it on level 9 of the Dungeon)
  9493 | D:9      | Reached XP level 11. HP: 57/85 MP: 11/11
  9598 | D:9      | HP: 1/86 [slime creature (10)]
  9600 | D:9      | Mangled by a slime creature

Skill      XL: |  1  2  3  4  5  6  7  8  9 10 |
---------------+-------------------------------+-----
Long Blades    | 3 4 6 9 |  9.5
Armour         | 4 5 6 |  6.1
Fighting       | 4 5 6 7 |  7.8
Shields        | 4 5 7 |  7.0
Short Blades   | 3 6 |  6.2
Dodging        | |  0.4
Stealth        | |  0.2

Action                   |  1- 3 |  4- 6 |  7- 9 | 10-12 || total
-------------------------+-------+-------+-------+-------++-------
Melee: Long sword        |    94 |   238 |   193 |   349 ||   874
       Short sword       |       |    22 |   337 |       ||   359
       Kick              |       |       |   160 |   142 ||   302
Invok: Shadow Step       |       |       |       |     1 ||     1
Evoke: Wand              |       |       |     4 |     1 ||     5
  Use: Scroll            |     3 |     3 |     5 |     3 ||    14
       Potion            |       |     2 |    10 |     3 ||    15
 Stab: Invisible         |       |       |     1 |       ||     1
  Eat: Bread ration      |       |     2 |     1 |     2 ||     5
       Beef jerky        |       |       |     2 |       ||     2
       Meat ration       |       |       |     2 |     1 ||     3
Armor: Scale mail        |    38 |   149 |   135 |       ||   322
       Troll leather arm |       |       |    12 |   155 ||   167
Dodge: Dodged            |    28 |    80 |   134 |   127 ||   369
Block: Shield            |    40 |   132 |   214 |   192 ||   578
       Rpst.: Long sword |    12 |    24 |    15 |    32 ||    83
